 Dungeon Crawl Stone Soup version 0.20-a0-645-g0ac6e19 (webtiles) character file.

860 shpingle the Ruffian (level 8, -2/68 HPs)
             Began as a Ghoul Monk on Feb 15, 2017.
             Was a Priest of Makhleb.
             Slain by Prince Ribbit (8 damage)
             ... on level 6 of the Dungeon.
             The game lasted 00:16:22 (6611 turns).

shpingle the Ruffian (Ghoul Monk)                   Turns: 6611, Time: 00:16:22

Health: -2/68      AC:  7    Str: 15    XL:     8   Next: 2%
Magic:  7/7        EV: 11    Int:  5    God:    Makhleb [***...]
Gold:   294        SH:  0    Dex: 13    Spells: 7/7 levels left

rFire    x . .     SeeInvis .     - Unarmed
rCold    + + .     Gourm    .   P - +0 scale mail (curse)
rNeg     + + +     Faith    +   (no shield)
rPois    ∞         Spirit   .   O - +0 helmet
rElec    .         Reflect  .   (no cloak)
rCorr    .         Harm     .   (no gloves)
MR       .....                  (no boots)
Stlth    +.........             t - amulet of faith
Regen    0.1/turn               (no ring)
MPRegen  0.1/turn               T - ring of ice

@: rotting
A: rotting body, claws 1, carnivore 3, cold resistance 1, negative energy
resistance 3, slow regeneration 1, torment resistance, unbreathing
a: Minor Destruction, Lesser Servant of Makhleb, Renounce Religion


You were on level 6 of the Dungeon.
You worshipped Makhleb.
Makhleb was most pleased with you.
You were not hungry.

You visited 1 branch of the dungeon, and saw 7 of its levels.

You collected 294 gold pieces.

Inventory:

Hand Weapons
 u - a +0 blowgun
Missiles
 i - 174 stones (quivered)
 v - 58 poisoned needles
 V - 3 tomahawks
Armour
 a - a +0 robe
 g - a +0 pair of gloves
 l - a +0 leather armour
 n - a +0 ring mail
 z - a +0 plate armour
 O - a +0 helmet (worn)
 P - a cursed +0 scale mail (worn)
Jewellery
 t - an amulet of faith (around neck)
 B - an uncursed amulet of guardian spirit {unknown}
 G - an uncursed amulet of harm {unknown}
 T - a ring of ice (left claw)
Wands
 I - a wand of flame (31/48)
Scrolls
 e - a scroll of teleportation
 k - 2 scrolls of recharging
 m - 2 scrolls of fear {unknown}
 C - 3 scrolls of remove curse
 E - a scroll of magic mapping {unknown}
 K - a scroll of noise
 L - a scroll of fog {unknown}
 M - a scroll of amnesia {unknown}
 Q - a scroll of enchant weapon {unknown}
Potions
 d - a potion of ambrosia {unknown}
 j - a potion of might {unknown}
 q - a potion of resistance {unknown}
 s - a potion of berserk rage
 x - a potion of magic {unknown}
 F - a potion of invisibility {unknown}
 H - a potion of heal wounds {unknown}
Comestibles
 b - 5 meat rations
 p - a royal jelly
 U - 3 chunks of flesh


   Skills:
 + Level 5.2 Fighting
 + Level 3.1 Armour
 + Level 4.6 Dodging
 - Level 2.1 Stealth
 * Level 6.8 Unarmed Combat


You had 7 spell levels left.
You didn't know any spells.

Dungeon Overview and Level Annotations

Branches:
Dungeon (7/15)
 Temple: D:4-7

Altars:
Dithmenos
Elyvilon
Makhleb
Ru

Shops:
D:6 }

Annotations:
D:6 Prince Ribbit


Innate Abilities, Weirdness & Mutations

Your body is rotting away.
You thrive on raw meat.
You are immune to poison.
You have sharp fingernails.
You are carnivorous and can eat meat at any time.
Your flesh is cold resistant. (rC+)
You are immune to negative energy. (rN+++)
You regenerate slowly when monsters are visible.
You are immune to unholy pain and torment.
You can survive without breathing.


Message History

* * * LOW HITPOINT WARNING * * *
You claw Prince Ribbit!
Prince Ribbit is heavily wounded.
Prince Ribbit hits you!
* * * LOW HITPOINT WARNING * * *
You claw Prince Ribbit!
Prince Ribbit is severely wounded.
Prince Ribbit misses you.
You closely miss Prince Ribbit.
Prince Ribbit is severely wounded.
Prince Ribbit hits you!
* * * LOW HITPOINT WARNING * * *
You don't know any spells.
Okay, then.
It was a potion of berserk rage.
You cannot raise a blood rage in your lifeless body.
Prince Ribbit hits you.
* * * LOW HITPOINT WARNING * * *
Prince Ribbit hits you!
You die...

█........█ █..█
███.██████ ██..█
█.█ █...█ █.██
█..██ █████..██
█..█ ....<...█
█..█ █████..██
█..█
█..██████████..█
█......(.((F@..█
█.▲███(..(.....█
█..█ █.█████████
█..█ █.█ █..█
█.█ █..█ █.█
█..███.█ █
██......█ █
█...███.█


You could see Prince Ribbit.

Vanquished Creatures
  A centaur (D:6)
  2 bullfrogs (D:6)
  A howler monkey (D:4)
  4 crimson imps
  A hound (D:6)
  An orc wizard (D:4)
  A gnoll shaman (D:4)
  An iguana (D:6)
  Natasha (thrice) (D:3)
  A worker ant (D:3)
  A hound skeleton (D:5)
  8 gnolls
  5 adders
  An ooze (D:6)
  An adder zombie (D:5)
  2 worms (D:3)
  2 dart slugs
  5 leopard geckos
  10 orcs
  13 bats
  2 giant cockroaches (D:1)
  7 goblins
  11 hobgoblins
  8 jackals
  2 quokkas
  13 kobolds
  A quokka skeleton (D:6)
  5 rats
113 creatures vanquished.

Notes
Turn   | Place    | Note
-------+----------+-------------------------------------------
     0 | D:1      | shpingle the Ghoul Monk began the quest for the Orb.
     0 | D:1      | Reached XP level 1. HP: 19/19 MP: 0/0
   275 | D:1      | Reached XP level 2. HP: 26/26 MP: 1/1
   392 | D:1      | Reached skill level 3 in Dodging
   593 | D:1      | Reached skill level 4 in Unarmed Combat
   593 | D:1      | Reached XP level 3. HP: 25/31 MP: 2/2
  1376 | D:2      | Found a burning altar of Makhleb.
  1376 | D:2      | Noticed a green death
  1379 | D:2      | Noticed a neqoxec
  1379 | D:2      | Noticed a neqoxec
  1381 | D:2      | Became a worshipper of Makhleb the Destroyer
  1381 | D:2      | Reached * piety under Makhleb
  1381 | D:2      | Reached ** piety under Makhleb
  1594 | D:2      | Reached XP level 4. HP: 38/38 MP: 3/3
  3375 | D:3      | Noticed Natasha
  3393 | D:3      | Killed Natasha
  3393 | D:3      | Reached XP level 5. HP: 27/46 MP: 4/4
  3692 | D:3      | Found a shadowy altar of Dithmenos.
  3787 | D:3      | Reached skill level 5 in Unarmed Combat
  3802 | D:3      | Noticed Natasha
  3841 | D:3      | Killed Natasha
  3845 | D:3      | Noticed Natasha
  3853 | D:3      | Killed Natasha
  3853 | D:3      | Reached XP level 6. HP: 35/52 MP: 5/5
  4183 | D:4      | Reached *** piety under Makhleb
  4964 | D:4      | Found a white marble altar of Elyvilon.
  5224 | D:5      | Entered Level 5 of the Dungeon
  5286 | D:5      | Reached XP level 7. HP: 60/60 MP: 6/6
  5743 | D:5      | Reached skill level 6 in Unarmed Combat
  6049 | D:6      | Found Gohueffa's Quality Used Wands.
  6128 | D:6      | Found a sacrificial altar of Ru.
  6337 | D:6      | Reached skill level 3 in Armour
  6457 | D:6      | Reached XP level 8. HP: 68/68 MP: 7/7
  6589 | D:7      | Noticed Prince Ribbit
  6611 | D:6      | Slain by Prince Ribbit

Vault maps used:
D:1:      mrwooster_arrival_statue_3
D:2:      hangedman_decor_clover_reticule, grunt_ministairs_4,
          makhleb_altar_promises_db
D:3:      grunt_dithmenos_smoke, first_bread, uniq_natasha
D:4:      lemuel_round_altar
D:6:      overflow_temple_1_default, minmay_crystal_room,
          hangedman_decor_lopped, nicolae_for_you_no_charge
D:7:      temple_pool_b, serial_bayou, serial_bayou_shore_b,
          serial_bayou_shore_b, serial_bayou_crossing, serial_bayou_pond_c,
          serial_bayou_lagoon_a, serial_bayou_lake_a,
          hangedman_abyss_or_decor_lesser_grid, grunt_ministairs_5,
          uniq_prince_ribbit1, uniq_menkaure

Skill      XL: |  1  2  3  4  5  6  7 |
---------------+----------------------+-----
Dodging        | 3 4 |  4.6
Unarmed Combat | 4 5 6 |  6.8
Armour         | 1 2 3 |  3.1
Fighting       | 4 5 |  5.2
Stealth        | |  2.1

Action                   |  1- 3 |  4- 6 |  7- 9 || total
-------------------------+-------+-------+-------++-------
Melee: Unarmed           |    97 |   212 |   110 ||   419
       Punch             |       |     6 |     3 ||     9
Throw: Stone             |       |    40 |    41 ||    81
  Use: Scroll            |       |     7 |     2 ||     9
       Potion            |       |       |     1 ||     1
 Stab: Sleeping          |     1 |       |       ||     1
  Eat: Chunk             |     2 |    11 |    10 ||    23
Armor: Robe              |     8 |       |       ||     8
       Ring mail         |     3 |    39 |    12 ||    54
       Scale mail        |       |       |    19 ||    19
Dodge: Dodged            |    46 |   106 |    63 ||   215
